Map: Blackpink LE

Players

Rogue - Winner!

  • Race: Zerg Zerg
  • Spawn Location: 1:00

Zest

  • Race: Protoss Protoss
  • Spawn Location: 7:00

Event: IEM Season 12 - Katowice

VOD

Have the link to the VOD?

Description

Time

  • Played on: March 2, 2018, 7:34 a.m.
  • Length: 7:42

All games in this series

Show
View Real Time Build Order
Export as new Build Order

Rogue Zerg - Winner!

Build Orders: Hatch First 

Get SALT Encoding   

  12  0:00  Drone  
  13  0:12  Overlord  
  13  0:17  Drone  
  14  0:31  Drone x2  
  16  0:48  Hatchery  
  15  0:50  Drone  
  15  0:54  Drone  
  17  0:57  Drone  
  18  1:09  Extractor  
  17  1:13  Spawning Pool  
  17  1:15  Drone  
  17  1:19  Drone  
  18  1:30  Drone  
  19  1:39  Drone  
  20  1:49  Overlord  
  20  1:59  Queen x2  
  20  2:00  Zergling x4  
  26  2:09  Metabolic Boost  
  26  2:11  Zergling x2  
  26  2:12  Zergling x2  
  28  2:22  Zergling x2  
  29  2:28  Zergling x2  
  30  2:35  Evolution Chamber  
  29  2:41  Drone x2  
  31  2:48  Overlord  
  31  2:56  Zergling x6  
  34  3:06  Zergling x4  
  34  3:10  Drone  
  34  3:11  Drone  
  34  3:12  Drone x4  
  42  3:22  Overlord  
  42  3:35  Overlord  
  42  3:38  Hatchery  
  42  3:40  Drone  
  40  3:42  Drone  
  40  3:46  Drone x2  
  43  3:52  Drone  
  43  3:57  Drone x3  
  43  3:58  Drone  
  43  4:00  Drone  
  48  4:04  Overlord  
  47  4:10  Drone  
  47  4:16  Drone  
  48  4:19  Drone  
  48  4:23  Drone x2  
  52  4:24  Drone  
  52  4:29  Drone  
  51  4:31  Queen x2  
  51  4:32  Spore Crawler  
  51  4:37  Drone  
  54  4:40  Spore Crawler, Overlord  
  54  4:41  Drone  
  51  4:53  Drone x3  
  51  4:54  Queen  
  55  5:01  Drone x2  
  55  5:07  Queen  
  57  5:09  Spore Crawler  
  58  5:16  Drone  
  58  5:17  Drone x6  
  58  5:19  Drone  
  64  5:21  Overlord  
  64  5:22  Queen  
  66  5:34  Roach Warren  
  66  5:35  Spore Crawler  
  64  5:36  Extractor x2, Zergling x6  
  64  5:37  Drone  
  64  5:42  Overlord  
  66  5:43  Zergling x4  
  66  5:44  Zergling x4  
  66  5:49  Zergling x4  
  72  5:56  Zergling x2  
  72  5:57  Zergling x4  
  75  6:11  Overlord x2  
  75  6:23  Roach x6  
  75  6:24  Queen  
  75  6:25  Hatchery  
  87  6:26  Overlord  
  87  6:31  Roach x2  
  91  6:35  Roach x4  
  91  6:38  Roach x2  
  103  6:40  Roach  
  103  6:46  Roach x3  
  109  6:52  Ravager x3  
  109  6:53  Ravager  
  113  6:56  Zergling x2  
  113  6:57  Overlord x2  
  114  7:05  Overlord  
  114  7:13  Overlord x2  
  114  7:15  Ravager x2  
  115  7:16  Zergling x16  
  115  7:20  Zergling x2  
Show
View Real Time Build Order
Export as new Build Order

Zest Protoss 

Build Orders: 1 Gate Expand, Oracle Opening, Phoenix Opening 

Get SALT Encoding   

  12  0:00  Probe  
  13  0:12  Probe  
  14  0:17  Pylon  
  14  0:24  Probe (Chrono Boost)  
  15  0:37  Probe (Chrono Boost)  
  15  0:38  Gateway  
  16  0:44  Probe (Chrono Boost)  
  16  0:46  Assimilator  
  17  0:51  Probe  
  18  1:03  Probe  
  19  1:15  Probe  
  20  1:24  Nexus  
  20  1:34  Cybernetics Core  
  20  1:37  Probe  
  21  1:43  Assimilator  
  21  1:49  Probe  
  21  1:52  Pylon  
  22  2:01  Probe  
  23  2:08  Adept (Chrono Boost)  
  23  2:14  Stargate  
  23  2:15  Probe  
  26  2:22  Warp Gate (Chrono Boost)  
  26  2:27  Adept  
  26  2:28  Probe (Chrono Boost)  
  29  2:36  Probe (Chrono Boost)  
  31  2:45  Probe (Chrono Boost)  
  31  2:46  Probe (Chrono Boost)  
  31  2:51  Probe x2 (Chrono Boost)  
  33  2:56  Phoenix (Chrono Boost)  
  36  2:59  Pylon  
  36  3:03  Probe x2  
  38  3:11  Oracle (Chrono Boost)  
  41  3:27  Gateway  
  41  3:32  Shield Battery  
  41  3:34  Probe x2  
  43  3:46  Probe x2  
  43  3:54  Shield Battery  
  43  3:58  Probe x2  
  44  4:03  Oracle  
  45  4:10  Probe, Gateway  
  45  4:12  Shield Battery  
  45  4:24  Pylon  
  43  4:33  Probe  
  43  4:41  Probe  
  40  4:45  Probe  
  38  4:53  Probe  
  38  4:57  Probe  
  40  5:05  Probe  
  41  5:20  Probe x2  
  43  5:23  Nexus  
  43  5:29  Pylon  
  43  5:32  Probe x2  
  43  5:34  Oracle (Chrono Boost)  
  45  5:44  Probe  
  45  5:47  Probe, Pylon  
  47  5:57  Stargate x2  
  47  5:59  Probe x2  
  49  6:06  Adept  
  51  6:11  Probe  
  51  6:14  Pylon  
  51  6:15  Oracle (Chrono Boost)  
  55  6:19  Probe  
  55  6:23  Probe, Assimilator  
  55  6:25  Assimilator  
  57  6:31  Probe  
  58  6:34  Probe  
  58  6:36  Probe  
  60  6:41  Zealot  
  60  6:44  Probe  
  63  6:50  Probe x2  
  65  6:56  Probe, Oracle (Chrono Boost)  
  65  7:00  Oracle (Chrono Boost), Shield Battery  
  69  7:02  Probe x2  
  69  7:06  Zealot  
  69  7:08  Probe  
  77  7:14  Probe x2  
  79  7:35  Zealot  

Tags
 
Add a new tag
Caveats
  • Supply blocks, unpowered buildings, or Contaminate may cause inaccurate times.
  • Supply counts are checked every 10 seconds.